 Dungeon Crawl Stone Soup version 0.28.0 (webtiles) character file.

Game seed: 9848224589564792513

11451 pkoi the Frost Mage (level 11, -7/123 HPs)
             Began as a Purple Draconian Ice Elementalist on Feb 8, 2022.
             Was an Initiate of Gozag.
             Mangled by a shadow (10 damage)
             ... on level 11 of the Dungeon.
             The game lasted 00:33:41 (16045 turns).

pkoi the Frost Mage (DrIE)                         Turns: 16045, Time: 00:33:42

Health: -7/123     AC: 25    Str: 17    XL:     11   Next: 49%
Magic:  22/22      EV:  2    Int: 25    God:    Gozag
Gold:   951        SH:  0    Dex: 12    Spells: 13/25 levels left

rFire   x . .      SeeInvis .   q - +6 dagger "Cycag" {pain, rElec Int+3}
rCold   + . .      Faith    .   (no shield)
rNeg    . . .      Spirit   .   (armour unavailable)
rPois   +          Reflect  .   (helmet currently unavailable)
rElec   +          Harm     .   (cloak currently unavailable)
rCorr   +          Rampage  .   (gloves currently unavailable)
Will    +....      NoTele   +   (boots currently unavailable)
Stlth   ++........              L - amulet "Jeetuafi" {RegenMP rElec rF- rCorr Str+6}
HPRegen 0.30/turn               w - ring of Piut {Int+3 Slay+4}
MPRegen 0.58/turn               u - ring of protection from cold

@: short of breath, tree-form, freezing walls, attractive
A: stationary, stasis, torment immunity, boosted hp, (breathe power), AC +7,
unfitting armour, (cold-blooded)
a: Renounce Religion, Potion Petition, Call Merchant, Bribe Branch


You were on level 11 of the Dungeon.
You worshipped Gozag.
Gozag was pleased with you.
You were a tree.
You visited 2 branches of the dungeon, and saw 12 of its levels.
You also visited: Sewer.

You collected 1241 gold pieces.
You spent 175 gold pieces at shops.
You paid 115 gold pieces to Gozag.

Inventory:

Hand Weapons
 b - a +0 short sword
 h - the +4 long sword of Xom's Generosity {vorpal, rN+}
   (You found it on level 6 of the Dungeon)

   It inflicts extra damage upon your enemies.
   rN:        It protects you from negative energy.
 n - a +2 dagger of venom
 q - the +6 dagger "Cycag" (weapon) {pain, rElec Int+3}
   (You found it on level 3 of the Dungeon)

   In the hands of one skilled in necromantic magic, it inflicts extra damage on
   living creatures.
   Int:       It affects your intelligence (+3).
   rElec:     It insulates you from electricity.
Armour
 a - a +0 pair of gloves (melded)
 f - a scarf of resistance (melded)
 x - an orb of mayhem
 y - a +0 cloak
Magical Staves
 E - a staff of conjuration
Jewellery
 u - a ring of protection from cold (right branch)
 w - the ring of Piut (left branch) {Int+3 Slay+4}
   (You found it on level 9 of the Dungeon)

   [ring of slaying]

   Int:       It affects your intelligence (+3).
   Slay:      It affects your accuracy & damage with ranged weapons and melee
   (+4).
 F - a ring of flight
 G - an amulet of regeneration
 L - the amulet "Jeetuafi" (around neck) {RegenMP rElec rF- rCorr Str+6}
   (You bought it in a shop on level 10 of the Dungeon)

   [amulet of magic regeneration]

   It increases your rate of magic regeneration.
   Str:       It affects your strength (+6).
   rF:        It makes you vulnerable to fire.
   rElec:     It insulates you from electricity.
   rCorr:     It protects you from acid and corrosion.
Wands
 k - a wand of flame (15)
 l - a wand of paralysis (21)
 p - a wand of polymorph (7)
 r - a wand of mindburst (30)
 s - a wand of acid (16)
 I - a wand of iceblast (3)
 N - a wand of charming (4)
Scrolls
 e - 6 scrolls of teleportation
 g - 2 scrolls of amnesia
 i - 2 scrolls of magic mapping
 v - 2 scrolls of fog
 C - 3 scrolls of identify
 H - a scroll of enchant weapon
 J - a scroll of enchant armour
Potions
 c - a potion of resistance {unknown}
 d - 2 potions of haste
 j - a potion of invisibility
 m - 4 potions of berserk rage
 o - 4 potions of attraction
 t - 2 potions of mutation {unknown}
 z - 3 potions of might {unknown}
 B - a potion of curing
 D - a potion of brilliance
 K - a potion of flight {unknown}
Miscellaneous
 M - a phantom mirror


   Skills:
 - Level 3.0 Fighting
 - Level 2.9 Short Blades
 + Level 6.2 Dodging
 - Level 1.7 Stealth
 + Level 7.5 Spellcasting
 + Level 8.6 Conjurations
 - Level 2.0 Necromancy
 + Level 11.6 Ice Magic
 - Level 6.0 Air Magic


You had 13 spell levels left.
You knew the following spells:

 Your Spells              Type           Power      Damage    Failure   Level
a - Freeze                Ice            100%       1d11      1%          1
b - Frozen Ramparts       Ice            100%       1d12      1%          3
c - Ozocubu's Armour      Ice            61%        N/A       1%          3
d - Shock                 Conj/Air       100%       1d9       1%          1
e - Hailstorm             Conj/Ice       56%        3d12      1%          4

Your spell library contained the following spells:

 Spells                   Type           Power      Damage    Failure   Level
 Magic Dart               Conj           100%       1d8       1%          1
 Corpse Rot               Necr/Air       58%        N/A       1%          2
 Swiftness                Air            39%        N/A       1%          3
 Poisonous Vapours        Pois/Air       48%        N/A       2%          2
 Mephitic Cloud           Conj/Pois/Air  33%        N/A       2%          3
 Stone Arrow              Conj/Erth      60%        3d10      3%          3
 Airstrike                Air            19%        N/A       5%          4
 Sandblast                Erth           18%        2d7       6%          1
 Sting                    Tmut/Pois      36%        1d4       6%          1
 Call Imp                 Summ           9%         N/A       10%         2
 Passwall                 Tmut/Erth      7%         N/A       10%         2
 Call Canine Familiar     Summ           9%         N/A       19%         3
 Gell's Gravitas          Tloc           9%         N/A       19%         3
 Lesser Beckoning         Tloc           9%         N/A       19%         3
 Portal Projectile        Hex/Tloc       18%        N/A       19%         3
 Teleport Other           Tloc           9%         N/A       19%         3
 Leda's Liquefaction      Hex/Erth       4%         N/A       54%         4
 Olgreb's Toxic Radiance  Pois           9%         N/A       54%         4


Dungeon Overview and Level Annotations

Branches:
Dungeon (11/15)            Temple (1/1) D:6            Lair (0/6) D:9
    Orc (0/2) D:9           Sewer (visited)

Altars:
Ashenzari
Cheibriados
Dithmenos
Elyvilon
Fedhas
Gozag
Hepliaklqana
Kikubaaqudgha
Makhleb
Nemelex Xobeh
Okawaru
Qazlal
Ru
Sif Muna
Trog
Uskayaw
Vehumet
Wu Jian
Xom
Yredelemnul
Zin
The Shining One
Jiyva

Shops:
D:10 *

Annotations:
D:5 Menkaure


Innate Abilities, Weirdness & Mutations

You are a tree.
Your roots penetrate the ground, keeping you stationary.
You cannot be teleported.
You are immune to unholy pain and torment.
Your maximum health is greatly increased.
Your equipment is partially melded.
((You can breathe bolts of dispelling energy.))
((Your rich purple scales are hard. (AC +7)))
You cannot fit into any form of body armour.
((You are cold-blooded and may be slowed by cold attacks.))


Message History

The wall freezes the centaur warrior zombie but does no damage.
The centaur warrior zombie closely misses you.
The centaur warrior zombie misses you.
Unknown command.
Aiming: Breathe Dispelling Energy (3% risk of failure)
Press: ? - help, Shift-Dir - straight line, f - centaur warrior zombie
Aim: a centaur warrior zombie (moderately damaged, 96% to hit)
You breathe a bolt of dispelling energy.
The bolt of dispelling energy hits the centaur warrior zombie!
The centaur warrior zombie is moderately damaged.
The wall freezes something but does no damage.
You hit something.
The centaur warrior zombie completely resists.
The wall freezes the centaur warrior zombie but does no damage.
The wall freezes something but does no damage.
The shadow strikes at you from the darkness!
* * * LOW HITPOINT WARNING * * *
Reactivating autopickup.
Really quaff the potion of lignification?
You turn into a tree.
Your scarf of resistance melds into your body.
Your +0 pair of gloves melds into your body.
You feel hot and cold all over.
Your roots penetrate the ground.
The centaur warrior zombie completely resists.
The wall freezes the centaur warrior zombie but does no damage.
The centaur warrior zombie resists.
The wall freezes the centaur warrior zombie.
The shadow completely resists.
The wall freezes the shadow but does no damage.
The shadow slips into darkness.
The shadow flickers and vanishes!
Deactivating autopickup; reactivate with Ctrl-A.
It was a potion of attraction.
You feel attractive to monsters.
The centaur warrior zombie completely resists.
The wall freezes the centaur warrior zombie but does no damage.
The wall freezes something but does no damage.
The shadow strikes at you from the darkness!
You die...
Your body crumbles into a pile of gold.

♣.♣.♣.♣.♣.♣.#....(#♣♣♣..♣♣.♣ ♣..♣
♣.......♣...##<.<## ♣..♣.♣ ♣..
#################################
........................
........................
........................
.......Z############.... $
.######{# #.... #♣# #.... ###
#.### ###


You could see a centaur warrior zombie.

Vanquished Creatures
  A boulder beetle (D:11)
  A two-headed ogre (D:10)
  A deep elf pyromancer (D:11)
  A manticore (D:11)
  A cyclops (D:11)
  5 centaur zombies
  An unseen horror (D:11)
  An efreet (D:10)
  2 trolls (D:11)
  Prince Ribbit (D:7)
  6 yaks (D:11)
  Sigmund (D:4)
  A wyvern (D:10)
  A wraith (D:11)
  3 steam dragons
  A basilisk (D:11)
  2 water moccasins
  Duvessa (D:7)
  2 hornet zombies
  4 orc warriors
  2 black bears (D:6)
  2 sky beasts
  2 ogres (D:6)
  4 centaurs
  A phantom (D:7)
  3 kobold brigands
  A bullfrog (D:7)
  4 scorpions
  A water moccasin skeleton (D:6)
  Dowan (D:7)
  12 killer bees
  4 wights (D:7)
  4 electric eels
  3 howler monkeys
  3 hounds
  A jelly (D:4)
  Crazy Yiuf (D:7)
  7 orc priests
  A centaur skeleton (D:4)
  Ijyb (D:3)
  2 bullfrog skeletons
  Natasha (thrice) (D:2)
  3 iguanas
  16 orc wizards
  A hound skeleton (D:5)
  A howler monkey zombie (D:5)
  9 adders
  An ufetubus (D:4)
  An adder zombie (D:5)
  2 adder skeletons
  4 worms
  A dart slug (D:3)
  27 orcs
  7 bats
  10 endoplasms
  A giant cockroach (D:2)
  6 goblins
  8 hobgoblins
  4 quokkas
  11 ball pythons
  5 frilled lizards
  14 kobolds
  8 rats
  2 butterflies (D:8)
242 creatures vanquished.

Vanquished Creatures (others)
  12 plants
12 creatures vanquished.

Grand Total: 254 creatures vanquished

Notes
Turn   | Place    | Note
-------+----------+-------------------------------------------
     0 | D:1      | pkoi the Draconian Ice Elementalist began the quest for the
                  | Orb.
     0 | D:1      | Reached XP level 1. HP: 14/14 MP: 3/3
   420 | D:1      | Reached XP level 2. HP: 20/20 MP: 5/5
  1446 | D:2      | Noticed Natasha
  1449 | D:2      | Reached XP level 3. HP: 14/26 MP: 4/7
  1701 | D:1      | Learned a level 3 spell: Frozen Ramparts
  1766 | D:2      | Killed Natasha
  1962 | D:2      | Noticed Natasha
  1968 | D:2      | Killed Natasha
  1969 | D:2      | Reached skill level 5 in Ice Magic
  1969 | D:2      | Reached XP level 4. HP: 22/33 MP: 4/8
  2108 | D:2      | Found a faded altar of an unknown god.
  2248 | D:2      | Noticed Natasha
  2259 | D:2      | Killed Natasha
  2489 | D:2      | Reached XP level 5. HP: 30/38 MP: 4/9
  2574 | D:2      | Learned a level 3 spell: Ozocubu's Armour
  3114 | D:3      | Reached skill level 6 in Ice Magic
  3165 | D:3      | Learned a level 1 spell: Shock
  3502 | D:3      | Noticed a sky beast
  3503 | D:3      | Found a glowing drain.
  3524 | D:3      | Killed a sky beast
  3525 | D:3      | Reached skill level 1 in Conjurations
  3525 | D:3      | Reached skill level 1 in Air Magic
  3569 | D:3      | Reached XP level 6. HP: 15/45 MP: 1/10
  3635 | Sewer    | Entered a sewer
  3935 | Sewer    | Noticed a water moccasin
  3943 | Sewer    | Killed a water moccasin
  4434 | D:3      | Identified the +6 dagger "Cycag" {pain, rElec Int+3}
  4687 | D:3      | Noticed Ijyb
  4697 | D:3      | Killed Ijyb
  4979 | D:3      | Found a white marble altar of Elyvilon.
  4979 | D:3      | Found a bloodstained altar of Trog.
  5236 | D:4      | Your scales start taking on a rich purple colour.
  5236 | D:4      | Reached XP level 7. HP: 50/50 MP: 8/12
  5373 | D:4      | Noticed Sigmund
  5383 | D:4      | Killed Sigmund
  5384 | D:4      | Reached skill level 1 in Necromancy
  5915 | D:4      | Reached skill level 7 in Ice Magic
  6278 | D:5      | Entered Level 5 of the Dungeon
  6469 | D:5      | Noticed Menkaure
  6807 | D:5      | Learned a level 4 spell: Hailstorm
  6909 | D:5      | Reached XP level 8. HP: 52/57 MP: 13/13
  7573 | D:5      | Reached skill level 8 in Ice Magic
  8080 | D:5      | Identified a scroll of acquirement
  8080 | D:5      | Acquired a scarf of resistance
  8294 | D:6      | Identified the +4 long sword of Xom's Generosity {vorpal,
                  | rN+}
  8305 | D:6      | Reached skill level 5 in Conjurations
  8461 | D:6      | Reached skill level 9 in Ice Magic
  8701 | D:6      | Reached XP level 9. HP: 56/62 MP: 9/14
  9023 | D:6      | Found a staircase to the Ecumenical Temple.
  9037 | Temple   | Entered the Ecumenical Temple
  9368 | D:6      | Reached skill level 10 in Ice Magic
  9528 | Temple   | Became a worshipper of Gozag Ym Sagoz the Greedy
  9699 | D:7      | Noticed Dowan
  9701 | D:7      | Noticed Duvessa
  9711 | D:7      | Killed Duvessa
  9713 | D:7      | Killed Dowan
 10076 | D:7      | Reached skill level 1 in Fighting
 10137 | D:7      | Noticed Prince Ribbit
 10173 | D:7      | Killed Prince Ribbit
 10897 | D:7      | Found a runed translucent door.
 10898 | D:7      | Noticed Crazy Yiuf
 10964 | D:7      | Found a radiant altar of Vehumet.
 10979 | D:7      | Got Vehumet's Volume of Combat Magic
 10992 | D:7      | Found an ancient bone altar of Kikubaaqudgha.
 11021 | D:7      | Found a shimmering blue altar of Sif Muna.
 11209 | D:7      | Killed Crazy Yiuf
 11648 | D:8      | Found a shimmering altar of Xom.
 11765 | D:8      | Reached XP level 10. HP: 37/75 MP: 14/17
 12099 | D:8      | Found a hide-covered altar of Uskayaw.
 12099 | D:8      | Identified the +1 chain mail of Ifuefar {Str+4}
 12230 | D:8      | Found a basalt altar of Yredelemnul.
 12558 | D:9      | Identified the ring of Piut {Int+3 Slay+4}
 12638 | D:9      | Reached skill level 5 in Spellcasting
 13109 | D:9      | Found a staircase to the Orcish Mines.
 13178 | D:9      | Reached skill level 1 in Short Blades
 13369 | D:9      | Found a staircase to the Lair.
 13410 | D:9      | Found a glowing golden altar of the Shining One.
 13445 | D:9      | Reached skill level 5 in Air Magic
 13483 | D:10     | Entered Level 10 of the Dungeon
 13513 | D:10     | Found a sacrificial altar of Ru.
 13525 | D:10     | Found Nysoimy's Assorted Antiques.
 13534 | D:10     | Bought a faintly glowing amethyst amulet for 175 gold
                  | pieces
 13534 | D:10     | Identified the amulet "Jeetuafi" {RegenMP rElec rF- rCorr
                  | Str+6} (You bought it in a shop on level 10 of the Dungeon)
 13545 | D:10     | Noticed a two-headed ogre
 13862 | D:10     | Found an ornate altar of the Wu Jian Council.
 14108 | D:10     | Killed a two-headed ogre
 14503 | D:11     | Reached skill level 5 in Dodging
 14503 | D:11     | Reached skill level 11 in Ice Magic
 15299 | D:11     | Reached XP level 11. HP: 46/82 MP: 20/20
 15991 | D:11     | Noticed a centaur warrior
 15991 | D:11     | Noticed a boulder beetle
 15995 | D:11     | Noticed a deep elf pyromancer
 15997 | D:11     | Killed a boulder beetle
 15997 | D:11     | Noticed a deep elf pyromancer
 15998 | D:11     | Killed a deep elf pyromancer
 16043 | D:11     | HP: 1/82 [something (31)]
 16045 | D:11     | Mangled by a shadow

Illustrated notes

Levels and vault maps discovered:
D:1:      dpeg_arrival_rhombus, layout_basic, minmay_misc_feat_nine_boxes,
          minmay_liquid_box, hangedman_decor_points
D:2:      layout_basic, dreamdust_ecumenical_altar_statues, uniq_natasha
D:3:      layout_loops_ring, gammafunk_temple_overflow_elements,
          cheibrodos_sewer_entry_sluice, uniq_ijyb
D:4:      nicolae_cairo_tiling_large_dashed, layout_gridville, uniq_sigmund
D:5:      cheibrodos_two_vegetables, layout_loops_ring, uniq_menkaure
D:6:      layout_rooms, temple_green
D:7:      layout_loops_ring, palyth_temple_overflow_mages, uniq_duvessa,
          uniq_crazy_yiuf_cottage, uniq_prince_ribbit1
D:8:      layout_rooms, nicolae_uskayaw_dance_studio,
          lemuel_coloured_pillars_altar, xom_butterflies, minivault_1
D:9:      layout_loops_ring, tso_oasis_becter, lair_entry_dummy, orc_0_dummy,
          minivault_4
D:10:     layout_roguey, mainiacjoe_overflow_catwalk,
          nicolae_overflow_hidden_temple, serial_shops, nicolae_square_shop
D:11:     nzn_winding_woodlands_stair_trap
          [nzn_winding_woodlands_5x15_sidewinder,
          nzn_winding_woodlands_5x15_pockets, nzn_winding_woodlands_5x15_jagged,
          nzn_winding_woodlands_15x15_killbox,
          nzn_winding_woodlands_5x15_parted,
          nzn_winding_woodlands_5x15_lazy_stream,
          nzn_winding_woodlands_5x15_longhouse], layout_irregular_city
Temple:   pf_slime_end_temple

Skill      XL: |  1  2  3  4  5  6  7  8  9 10 11 |
---------------+----------------------------------+-----
Spellcasting   | 3 4 6 7 |  7.5
Ice Magic      | 5 6 7 9 10 11 | 11.6
Conjurations   | 1 2 3 6 7 8 |  8.6
Air Magic      | 1 2 3 4 5 6 |  6.0
Dodging        | 3 4 5 6 |  6.2
Necromancy     | 2 |  2.0
Fighting       | 2 3 |  3.0
Short Blades   | 2 |  2.9
Stealth        | |  1.7

Action                   |  1- 3 |  4- 6 |  7- 9 | 10-12 || total
-------------------------+-------+-------+-------+-------++-------
Melee: Unarmed           |     9 |       |       |       ||     9
       Tailslap          |     3 |     3 |    27 |    21 ||    54
       Short sword       |     5 |    13 |       |       ||    18
       Dagger            |       |    13 |   161 |    16 ||   190
       Punch             |       |       |     3 |     1 ||     4
       Staff             |       |       |     4 |    43 ||    47
       Long sword        |       |       |       |    22 ||    22
 Cast: Freeze            |    42 |    82 |    24 |     9 ||   157
       Frozen Ramparts   |       |     9 |    39 |    31 ||    79
       Shock             |       |     1 |     2 |       ||     3
       Ozocubu's Armour  |       |       |     1 |     1 ||     2
       Hailstorm         |       |       |    13 |    25 ||    38
 Abil: Breathe Dispellin |       |       |     3 |     1 ||     4
Evoke: Wand              |       |       |     2 |       ||     2
  Use: Scroll            |       |       |    14 |     4 ||    18
       Potion            |       |       |       |     3 ||     3
 Stab: Sleeping          |       |     3 |     3 |       ||     6
Armor: Skin              |     6 |    35 |    53 |    97 ||   191
Dodge: Dodged            |    23 |    51 |   134 |   109 ||   317
